 Dungeon Crawl Stone Soup version 0.20.1-1-g8b1a95d (webtiles) character file.

32 Monsterracer the Conjurer (level 3, -5/19 HPs)
             Began as a Deep Elf Conjurer on July 4, 2017.
             Slain by Terence
             ... wielding a +0 short sword
              (6 damage)
             ... on level 2 of the Dungeon.
             The game lasted 00:02:22 (1195 turns).

Monsterracer the Conjurer (Deep Elf Conjurer)       Turns: 1195, Time: 00:02:23

Health: -5/19      AC:  2    Str:  2 (5)  XL:     3   Next: 10%
Magic:  3/10       EV: 13    Int: 19 (20) God:
Gold:   84         SH:  0    Dex: 13 (15) Spells: 6/9 levels left

rFire    . . .     SeeInvis .   d - +0 dagger
rCold    . . .     Gourm    .   (no shield)
rNeg     . . .     Faith    .   a - +0 robe
rPois    .         Spirit   .   (no helmet)
rElec    .         Reflect  .   (no cloak)
rCorr    .         Harm     .   (no gloves)
MR       .....                  (no boots)
Stlth    ++........             (no amulet)
Regen    0.1/turn               (no ring)
MPRegen  0.2/turn               (no ring)

@: no status effects
A: no striking features
a: no special abilities


You were on level 2 of the Dungeon.
You were hungry.

You visited 1 branch of the dungeon, and saw 2 of its levels.

You collected 84 gold pieces.

Inventory:

Hand Weapons
 d - a +0 dagger (weapon)
 j - a +0 mace of holy wrath
Armour
 a - a +0 robe (worn)
Scrolls
 e - 2 scrolls of teleportation {unknown}
 g - a scroll of noise {unknown}
 h - 2 scrolls of remove curse {unknown}
 i - a scroll of blinking {unknown}
 l - a scroll of fog {unknown}
Books
 b - a book of Conjurations

   Spells                             Type                      Level
   a - Magic Dart                     Conjuration                  1
   b - Searing Ray                    Conjuration                  2
   c - Dazzling Spray                 Conjuration/Hexes            3
   d - Fulminant Prism                Conjuration/Hexes            4
   e - Force Lance                    Conjuration/Translocation    4
   f - Iskenderun's Mystic Blast      Conjuration                  4
Comestibles
 c - a bread ration
 f - a fruit
 k - a royal jelly


   Skills:
 - Level 2.4 Dodging
 - Level 2.4 Stealth
 + Level 3.6 Spellcasting
 * Level 5.2 Conjurations


You had 6 spell levels left.
You knew the following spells:

 Your Spells              Type           Power        Failure   Level  Hunger
a - Magic Dart            Conj           ###.         1%          1    None
b - Searing Ray           Conj           ###...       2%          2    ##.....


Dungeon Overview and Level Annotations

Branches:
Dungeon (2/15)

Altars:

Annotations:
D:2 Terence


Message History

That item cannot be evoked!
A rat comes into view.
Terence says, "How do you enjoy it?" Terence says, "How do you enjoy it?"
Your magical contamination has completely faded away.
Casting: Searing Ray
Confirm with . or Enter, or press ? or * to list all spells.
Aiming: Searing Ray
Press: ? - help, Shift-Dir - straight line, f/p - Terence
Aim: Terence, wielding a short sword and wearing a chain mail (severely wounded)
The searing ray hits Terence.
Terence is almost dead. (Press . to maintain the ray.) Terence hits you with a short sword.
* * * LOW HITPOINT WARNING * * *
Huge Dmg: -5%(-1hp) hp: 6%(1hp)
The searing ray hits Terence.
Terence is almost dead.
Terence hits you with a short sword.
You die...

#...................
#.#.#######......... #.#
#..###### # #<#
#[.######. .. #.#.#
#......... ..
#.#.#######...#####. #.
#.....).......# #.##.
####..#######..#####<##.
#......@@...#..##.......
#.###.#####r#..##...../.
#.# #.#>.##...# #. #.
#.# #.#..##...###. #.#
#.# #.#..#.....##.
#.###.#####......r.÷....
#.##........#..#.....###
#.##..###..###......##
#†##..# #.#.#..##..#####


You could see Terence and a rat (wandering).

Vanquished Creatures
  An adder (D:2)
  A worm (D:2)
  A leopard gecko (D:1)
  A giant cockroach (D:1)
  2 goblins (D:1)
  3 hobgoblins
  3 bats
  2 frilled lizards (D:1)
  3 kobolds (D:1)
  4 rats
21 creatures vanquished.

Notes
Turn   | Place    | Note
-------+----------+-------------------------------------------
     0 | D:1      | Monsterracer the Deep Elf Conjurer began the quest for the Orb.
     0 | D:1      | Reached XP level 1. HP: 10/10 MP: 6/6
   444 | D:1      | Reached XP level 2. HP: 15/15 MP: 1/8
   579 | D:1      | Learned a level 2 spell: Searing Ray
   897 | D:2      | Reached skill level 5 in Conjurations
  1001 | D:2      | Reached XP level 3. HP: 19/19 MP: 6/10
  1120 | D:2      | Noticed Terence
  1195 | D:2      | Slain by Terence

Skill      XL: |  1  2 |
---------------+-------+-----
Conjurations   | 5 |  5.2
Dodging        | |  2.4
Stealth        | |  2.4
Spellcasting   | |  3.6

Action                   || total
-------------------------++-------
Melee: Dagger            ||     1
 Cast: Magic Dart        ||    32
       Searing Ray       ||     5
  Use: Potion            ||     4
Dodge: Dodged            ||     7
